 Dungeon Crawl Stone Soup version 0.30.0-17-ge0270778cf (webtiles) character file.

Game seed: 15901364443332465790

177 browni3141 the Caller (level 5, -2/37 HPs)
             Began as a Mummy Summoner on May 21, 2023.
             Slain by a kobold brigand
             ... wielding a +0 club
              (7 damage)
             ... on level 4 of the Dungeon.
             The game lasted 00:05:14 (2891 turns).

browni3141 the Caller (Mummy Summoner)              Turns: 2891, Time: 00:05:15

Health: -2/37      AC:  6    Str: 11    XL:     5   Next: 31%
Magic:  1/11       EV: 12    Int: 16    God:
Gold:   72         SH:  0    Dex: 13    Spells: 6/12 levels left

rFire   x . .        c - +0 dagger
rCold   + . .        (no shield)
rNeg    + + +        a - +0 robe
rPois   ∞            O - +2 helmet
rElec   .            Q - +0 cloak
rCorr   .            (no gloves)
SInv    +            (no boots)
Will    .....        (no amulet)
Stlth   ++           b - ring of wizardry
HPRegen 0.26/turn    L - ring of see invisible
MPRegen 0.12/turn

%: faith, wizardry (x1)
@: no status effects
A: cold resistance 1, negative energy resistance 3, torment resistance 2, heat
vulnerability 1, in touch with death 1, no potions, faith
a: no special abilities


You were on level 4 of the Dungeon.
You visited 1 branch of the dungeon, and saw 4 of its levels.

You collected 104 gold pieces.
You spent 32 gold pieces at shops.

Inventory:

Hand Weapons
 c - a +0 dagger (weapon)
Missiles
 J - 13 poisoned darts
Armour
 a - a +0 robe (worn)
 e - a scarf of invisibility
 O - a +2 helmet (worn)
 Q - a +0 cloak (worn)
Jewellery
 b - a ring of wizardry (left hand)
 L - a ring of see invisible (right hand)
 P - an amulet of guardian spirit
Scrolls
 d - a scroll of amnesia {unknown}
 f - a scroll of brand weapon {unknown}
 K - a scroll of vulnerability {unknown}
 M - a scroll of identify {unknown}
 N - a scroll of blinking {unknown}
 R - a scroll of enchant weapon {unknown}
 S - a scroll of teleportation {unknown}
 T - a scroll of magic mapping {unknown}


   Skills:
 + Level 1.2 Fighting
 - Level 1.6 Dodging
 - Level 1.6 Stealth
 + Level 4.2 Spellcasting
 * Level 4.7 Summonings


You had 6 spell levels left.
You knew the following spells:

 Your Spells              Type           Power      Damage    Failure   Level
a - Call Canine Familiar  Summ           18%        N/A       2%          3
x - Call Imp              Summ           36%        N/A       1%          2
z - Summon Small Mammal   Summ           72%        N/A       1%          1

Your spell library contained the following spells:

 Spells                   Type           Power      Damage    Failure   Level
 Sting                    Tmut/Pois      12%        1d3       7%          1
 Summon Guardian Golem    Hex/Summ       10%        N/A       8%          3
 Poisonous Vapours        Pois/Air       6%         N/A       11%         2
 Scorch                   Fire           6%         2d5       11%         2
 Dazzling Flash           Conj/Hex       6%         N/A       21%         3
 Volatile Blastmotes      Fire/Tloc      6%         2d10      21%         3
 Summon Lightning Spire   Summ/Air       10%        N/A       24%         4
 Flame Wave               Conj/Fire      3%         2d5       52%         4
 Iskenderun's Mystic Bla  Conj/Tloc      3%         2d3       52%         4
 Olgreb's Toxic Radiance  Pois           3%         N/A       52%         4
 Petrify                  Tmut/Erth      3%         N/A       52%         4
 Summon Cactus Giant      Summ           9%         N/A       78%         6
 Irradiate                Conj/Tmut      1%         3d12      86%         5
 Starburst                Conj/Fire      1%         6d3       100%        6
 Summon Hydra             Summ           9%         N/A       100%        7
 Sublimation of Blood     Necr           Unusable   N/A       N/A         2
 Wereblood                Tmut           Unusable   N/A       N/A         2

Dungeon Overview and Level Annotations

Branches:
Dungeon (4/15)
 Temple: D:4-7

Altars:

Shops:
D:3 *

Annotations:
D:4 Grinder


Innate Abilities, Weirdness & Mutations

You are immune to poison.
Your flesh is cold resistant. (rC+)
You are immune to negative energy. (rN+++)
You are immune to unholy pain and torment.
You are vulnerable to heat. (rF-)
You are in touch with the powers of death.
You do not drink.
You have a special connection with the divine. (Faith)


Message History

You hit the kobold brigand.
The kobold brigand is moderately wounded.
Your hound bites Grinder.
The kobold brigand barely misses you.
Your hound bites Grinder.
The orc closely misses your cerulean imp.
Grinder barely misses your hound.
Your cerulean imp hits the orc but does no damage.
You hit the kobold brigand.
The kobold brigand is moderately wounded.
Your hound closely misses Grinder.
The kobold brigand hits you but does no damage.
The orc barely misses your cerulean imp.
Your cerulean imp closely misses the orc.
Grinder hits your hound!
Your hound dies!
Your hound's corpse disappears in a puff of smoke!
You closely miss the kobold brigand.
The kobold brigand is moderately wounded.
The kobold brigand misses you.
Your cerulean imp hits the orc but does no damage.
The orc hits your cerulean imp with a +1 mace of protection.
You hit the kobold brigand but do no damage.
The kobold brigand is moderately wounded.
The kobold brigand hits you but does no damage.
The orc misses your cerulean imp.
Grinder closely misses your cerulean imp.
Your cerulean imp hits the orc with a -3 spear.
You hit the kobold brigand but do no damage.
The kobold brigand is moderately wounded.
The kobold brigand barely misses you.
The orc hits your cerulean imp with a +1 mace of protection.
Your cerulean imp hits the orc but does no damage.
Grinder hits your cerulean imp!
Your cerulean imp dies!
Your cerulean imp disappears in a puff of smoke!
You barely miss the kobold brigand.
The kobold brigand is moderately wounded.
The kobold brigand barely misses you.
You hit the orc.
You kill the orc!
The kobold brigand hits you but does no damage.
Casting: Call Imp (safe; 1% risk of failure)
Press: ? - help, Q - select action, (/) - cycle Dir - look around, f - activate A tiny devil pulls itself out of the air.
The kobold brigand barely misses you. Grinder misses you.
You hit Grinder but do no damage.
Grinder is moderately wounded.
The kobold brigand hits you with a +0 club.
Your cerulean imp barely misses Grinder.
Grinder misses you.
You hit the kobold brigand but do no damage.
The kobold brigand is moderately wounded.
The kobold brigand hits you with a +0 club.
* * * LOW HITPOINT WARNING * * *
Your cerulean imp barely misses Grinder.
Grinder hits you but does no damage.
You hit the kobold brigand but do no damage.
The kobold brigand is moderately wounded.
The kobold brigand closely misses you.
Your cerulean imp completely misses Grinder.
Grinder closely misses you.
You hit the kobold brigand.
The kobold brigand is moderately wounded.
The kobold brigand hits you but does no damage.
Your cerulean imp barely misses Grinder.
Grinder hits you.
* * * LOW HITPOINT WARNING * * *
You hit the kobold brigand.
The kobold brigand is heavily wounded.
The kobold brigand closely misses you.
Your cerulean imp hits Grinder but does no damage.
Grinder hits you.
* * * LOW HITPOINT WARNING * * *
You hit the kobold brigand but do no damage.
The kobold brigand is heavily wounded.
The kobold brigand misses you.
Your cerulean imp hits Grinder with a -3 spear.
Grinder closely misses you.
You barely miss the kobold brigand.
The kobold brigand is heavily wounded.
The kobold brigand hits you but does no damage.
Your cerulean imp hits Grinder but does no damage.
Grinder hits you.
* * * LOW HITPOINT WARNING * * *
You hit the kobold brigand.
The kobold brigand is heavily wounded.
The kobold brigand hits you with a +0 club.
* * * LOW HITPOINT WARNING * * *
Your cerulean imp hits Grinder with a -3 spear.
Grinder hits you.
* * * LOW HITPOINT WARNING * * *
You hit the kobold brigand but do no damage.
The kobold brigand is heavily wounded.
The kobold brigand hits you but does no damage.
Your cerulean imp closely misses Grinder.
Grinder closely misses you.
You hit the kobold brigand.
The kobold brigand is heavily wounded.
The kobold brigand hits you with a +0 club!
You die...

### ..... ..####....
.## ....§)... ...
..#####.# #.# .##
##.# #.#
†#####..#### #.#
...........# #§#
######..##.#######.#
##.##.....K@55#
#....########.......
####.## .###..#
#...# .# #.).# ..
#...# .. #...# .##
#...# .# #...#


You could see Grinder (ally target), a kobold brigand and a friendly cerulean
imp (summoned).

Vanquished Creatures
  2 orcs
  2 ball pythons (D:1)
  A bat (D:1)
  2 endoplasms (D:2)
  A giant cockroach (D:3)
  4 goblins
  3 hobgoblins
  2 kobolds
  2 quokkas (D:3)
  3 frilled lizards
  4 rats
26 creatures vanquished.

Vanquished Creatures (collateral kills)
  An orc priest (D:3)
  Terence (D:1)
  Robin (D:2)
  An adder (D:2)
  3 worms (D:2)
  A dart slug (D:2)
  4 orcs
  3 bats
  3 endoplasms
  A giant cockroach (D:1)
  11 goblins
  7 hobgoblins
  A quokka (D:2)
  5 ball pythons
  7 kobolds
  6 rats
56 creatures vanquished.

Grand Total: 82 creatures vanquished

Notes
Turn   | Place    | Note
-------+----------+-------------------------------------------
     0 | D:1      | browni3141 the Mummy Summoner began the quest for the Orb.
     0 | D:1      | Reached XP level 1. HP: 13/13 MP: 4/4
   147 | D:1      | Reached skill level 3 in Spellcasting
   147 | D:1      | Reached XP level 2. HP: 19/19 MP: 4/6
   224 | D:1      | Learned a level 2 spell: Call Imp
   607 | D:1      | Gained mutation: You are in touch with the powers of death.
                  | [Mummy growth]
   607 | D:1      | Reached XP level 3. HP: 24/24 MP: 4/7
   749 | D:2      | Noticed Terence
   762 | D:1      | Learned a level 3 spell: Call Canine Familiar
   931 | D:1      | HP: 1/24 [Terence/+0 mace (5)]
   977 | D:1      | Killed Terence
  1045 | D:2      | Reached XP level 4. HP: 9/30 MP: 4/9
  1645 | D:2      | Noticed Robin
  1688 | D:2      | Killed Robin
  2019 | D:3      | Found Enkerot's Assorted Antiques.
  2046 | D:3      | Bought a scroll labelled VANLESCH BYICIME for 32 gold
                  | pieces
  2226 | D:3      | Reached XP level 5. HP: 32/37 MP: 7/11
  2325 | D:3      | Found a faded altar of an unknown god.
  2846 | D:4      | Noticed Grinder
  2891 | D:4      | Slain by a kobold brigand

Illustrated notes

Levels and vault maps discovered:
D:1:      dpeg_arrival_leaves_temple_mockup, layout_rooms, minmay_hexomino_c4
D:2:      layout_rooms, minmay_misc_feat_cross, uniq_robin, uniq_terence
D:3:      layout_basic, nicolae_ecumenical_lake_church, serial_shops,
          nicolae_shop_crystal
D:4:      layout_loops_cross, minmay_temple_entry_fiery, uniq_duvessa,
          uniq_grinder

Skill      XL: |  1  2  3  4 |
---------------+-------------+-----
Spellcasting   | 3 4 |  4.2
Summonings     | 4 |  4.7
Fighting       | 1 |  1.2
Dodging        | |  1.6
Stealth        | |  1.6

Action                     |  1- 3 |  4- 6 || total
---------------------------+-------+-------++-------
  Melee: Dagger            |    69 |   124 ||   193
         Unarmed           |     7 |       ||     7
         Punch             |       |     3 ||     3
   Cast: Summon Small Mamm |    12 |       ||    12
         Call Imp          |    15 |    22 ||    37
         Call Canine Famil |     5 |    12 ||    17
 Armour: Robe              |    17 |    31 ||    48
  Dodge: Dodged            |    61 |    91 ||   152
